 Dungeon Crawl Stone Soup version 0.20.0-4-g10b340a (webtiles) character file.

585 ChaseSP the Cleaver (level 7, 0/57 HPs)
             Began as a Hill Orc Fighter on May 27, 2017.
             Slain by a howler monkey (1 damage)
             ... on level 4 of the Dungeon.
             The game lasted 00:05:25 (2239 turns).

ChaseSP the Cleaver (Hill Orc Fighter)              Turns: 2239, Time: 00:05:26

Health: 0/57       AC:  6    Str: 19    XL:     7   Next: 37%
Magic:  7/7        EV: 10    Int:  8    God:
Gold:   122        SH:  9    Dex: 12    Spells: 6/6 levels left

rFire    . . .     SeeInvis +   a - +1 war axe
rCold    . . .     Gourm    .   c - +0 shield
rNeg     . . .     Faith    .   b - +0 scale mail
rPois    .         Spirit   .   (no helmet)
rElec    .         Reflect  .   (no cloak)
rCorr    .         Harm     .   (no gloves)
MR       .....                  (no boots)
Stlth    ..........             (no amulet)
Regen    0.2/turn               m - ring of see invisible
MPRegen  0.1/turn               n - +3 ring of evasion

@: slowed, very slow
A: no striking features
a: Convert to Beogh


You were on level 4 of the Dungeon.
You were not hungry.

You visited 1 branch of the dungeon, and saw 4 of its levels.

You collected 122 gold pieces.

Inventory:

Hand Weapons
 a - a +1 war axe (weapon)
 A - a +3 flail of holy wrath
Missiles
 j - 2 silver tomahawks (quivered)
Armour
 b - a +0 scale mail (worn)
 c - a +0 shield (worn)
 y - a +1 leather armour of positive energy
Jewellery
 m - a ring of see invisible (left hand)
 n - a +3 ring of evasion (right hand)
 p - a +3 ring of intelligence
Scrolls
 g - 2 scrolls of remove curse
 h - a scroll of teleportation {unknown}
 k - a scroll of identify
 l - a scroll of recharging {unknown}
 o - a scroll of magic mapping {unknown}
 q - a scroll of blinking {unknown}
 r - 2 scrolls of enchant weapon
 u - a scroll of immolation {unknown}
Potions
 d - a potion of might
 e - 2 potions of lignification {unknown}
 i - a potion of flight
 t - a potion of heal wounds {unknown}
 v - a potion of magic {unknown}
 z - a potion of haste {unknown}
 B - a potion of brilliance
Comestibles
 f - 5 bread rations
 w - a royal jelly
 x - 3 meat rations
 C - 2 chunks of flesh


   Skills:
 - Level 3.6 Fighting
 * Level 10.3 Axes
 - Level 3.2 Armour
 - Level 3.2 Shields


You had 6 spell levels left.
You didn't know any spells.

Dungeon Overview and Level Annotations

Branches:
Dungeon (4/15)
 Temple: D:4-7

Altars:
Ashenzari
Makhleb
Sif Muna


Message History

The orc priest barely misses you.
The howler monkey hits you but does no damage.
You block the orc's attack. x2; The orc wizard closely misses you.
The orc priest barely misses you. The orc barely misses you.
The howler monkey hoots and howls with incredible vigour!
You hear an angry hiss.
You slash the orc priest!
The orc priest is almost dead.
You slash the orc!
You kill the orc!
You hit the orc wizard.
Your shield prevents you from hitting the howler monkey.
You hit the orc.
You kill the orc!
The orc wizard hits you but does no damage.
The orc wizard misses you. You block the orc priest's attack.
The howler monkey barely misses you.
The orc wizard hits you but does no damage.
The howler monkey hits you.
You die...

#..# ###+# ..
##..###...# #.
#.....)...########.
+...............##.
#..................
#..................
#...##....##.......
#o)h##....##....##.
#.@o......##....##.
#..................
##########....##.......
##...######....##.......
#..(............#.......
#..<............#.......
#......######..##.......
#.#######..##..##.......
### #....#...........


You could see a howler monkey, an orc priest and an orc wizard.

Vanquished Creatures
  Edmund (D:4)
  A necrophage (D:4)
  A phantom (D:3)
  2 scorpions (D:4)
  An orc wizard (D:4)
  2 worker ants (D:4)
  4 adders
  3 worms
  A dart slug (D:2)
  3 leopard geckos
  4 orcs (D:4)
  2 ball pythons
  6 bats
  10 hobgoblins
  4 jackals (D:1)
  4 quokkas
  3 frilled lizards
  6 goblins
  9 kobolds
  6 rats
  A bush (D:1)
74 creatures vanquished.

Notes
Turn   | Place    | Note
-------+----------+-------------------------------------------
     0 | D:1      | ChaseSP the Hill Orc Fighter began the quest for the Orb.
     0 | D:1      | Reached XP level 1. HP: 19/19 MP: 1/1
    44 | D:1      | Reached skill level 3 in Axes
   122 | D:1      | Reached XP level 2. HP: 26/26 MP: 2/2
   209 | D:1      | Reached skill level 4 in Axes
   708 | D:1      | Reached XP level 3. HP: 28/31 MP: 3/3
   861 | D:2      | Found a shattered altar of Ashenzari.
   861 | D:2      | Found a burning altar of Makhleb.
  1016 | D:2      | Reached skill level 5 in Axes
  1315 | D:2      | Reached XP level 4. HP: 34/39 MP: 4/4
  1568 | D:3      | Reached skill level 6 in Axes
  1710 | D:3      | Found a deep blue altar of Sif Muna.
  1788 | D:3      | Noticed a phantom
  1805 | D:3      | Killed a phantom
  1805 | D:3      | Reached skill level 7 in Axes
  1805 | D:3      | Reached XP level 5. HP: 29/45 MP: 5/5
  1829 | D:4      | Noticed a necrophage
  1843 | D:4      | Killed a necrophage
  1843 | D:4      | Reached skill level 8 in Axes
  1843 | D:4      | Reached XP level 6. HP: 38/51 MP: 6/6
  2114 | D:4      | Noticed Edmund
  2127 | D:4      | Killed Edmund
  2127 | D:4      | Reached skill level 9 in Axes
  2127 | D:4      | Reached XP level 7. HP: 35/57 MP: 7/7
  2137 | D:4      | Reached skill level 10 in Axes
  2237 | D:4      | HP: 1/57 [howler monkey (4)]
  2239 | D:4      | Slain by a howler monkey

Skill      XL: |  1  2  3  4  5  6  7 |
---------------+----------------------+-----
Axes           | 3 4 5 7 8 9 10 | 10.3
Fighting       | |  3.6
Armour         | |  3.2
Shields        | |  3.2

Action                   |  1- 3 |  4- 6 |  7- 9 || total
-------------------------+-------+-------+-------++-------
Melee: War axe           |   205 |   130 |    15 ||   350
Throw: Tomahawk          |     2 |       |       ||     2
  Use: Scroll            |       |     5 |       ||     5
       Potion            |       |       |     3 ||     3
  Eat: Chunk             |     1 |     4 |       ||     5
Armor: Scale mail        |    58 |    36 |     8 ||   102
Dodge: Dodged            |    51 |    52 |    19 ||   122
Block: Shield            |    71 |    56 |    18 ||   145
